 Dungeon Sprint DCSS version 0.32-a0-799-g95e1662365 (webtiles) character file.

Game seed: 142607902071204624

142 rocky1 the Slasher (level 5, -2/42 HPs)
             Began as a Demonspawn Gladiator on Mar 22, 2024.
             Slain by a black bear (12 damage)
             ... in the Dungeon (Sprint IX: "|||||||||||||||||||||||||||||").
             The game lasted 00:00:31 (62 turns).

rocky1 the Slasher (Demonspawn Gladiator)             Turns: 62, Time: 00:00:32

Health: -2/42      AC:  4    Str: 14    XL:     5   Next: 4%
Magic:  5/5        EV: 13    Int:  9    God:
Gold:   0          SH:  0    Dex: 16    Spells: 4/4 levels left

rFire   . . .        a - +0 long sword
rCold   . . .        (no shield)
rNeg    . . .        b - +0 leather armour
rPois   .            c - +0 helmet
rElec   .            (no cloak)
rCorr   .            (no gloves)
SInv    .            (no boots)
Will    .....        (no amulet)
Stlth   ++           (no ring)
HPRegen 0.27/turn    (no ring)
MPRegen 0.09/turn

%: no teleportation
@: no status effects
A: claws 1, demonic guardian 1
a: no special abilities


You were in the Dungeon.
You visited 1 branch

Inventory:

Hand Weapons
 a - a +0 long sword (weapon)
Missiles
 d - a throwing net (quivered)
 e - a javelin
Armour
 b - a +0 leather armour (worn)
 c - a +0 helmet (worn)
Scrolls
 k - a scroll of blinking
Potions
 f - a potion of curing
 g - a potion of heal wounds
 h - a potion of haste
 i - 2 potions of magic
 j - a potion of berserk rage


   Skills:
 + Level 3.8 Fighting
 + Level 6.6 Long Blades
 + Level 3.2 Throwing
 + Level 2.0 Armour
 + Level 5.6 Dodging
 + Level 0.9 Stealth


You had 4 spell levels left.
You didn't know any spells.
Your spell library was empty.

Dungeon Overview and Level Annotations

Branches:
Dungeon (1/1)

Altars:


Innate Abilities, Weirdness & Mutations

You have sharp fingernails.
A weak demonic guardian rushes to your aid.


Message History

The phantom is almost destroyed.
The phantom hits you.
You slash the phantom!
You destroy the phantom!
Your Long Blades skill increases to level 6!
Your Throwing skill increases to level 3!
Your Armour skill increases to level 2!
Your Dodging skill increases to level 5!
You have reached level 5!
Throw: 2 throwing nets
Press: ? - help, Q - select action, (/) - cycle Shift-Dir - straight line, f - black bear
Aim: a black bear (67% to hit)
You throw a throwing net. The throwing net hits the black bear.
The black bear is caught in the net!
The black bear struggles against the net.
You slash the black bear!
The black bear is heavily wounded.
The black bear struggles against the net.
You strike the helpless black bear from behind!
You hit the black bear.
The black bear is severely wounded.
The black bear struggles against the net.
You completely miss the black bear.
The black bear is severely wounded.
The black bear struggles against the net.
You catch the helpless black bear completely off-guard!
You hit the black bear.
The black bear is severely wounded.
The black bear struggles against the net.
The black bear goes berserk!
The black bear struggles against the net.
The net rips apart, and the black bear comes free!
You slash the black bear!
The black bear is almost dead.
You barely miss the black bear.
The black bear is almost dead.
The black bear bites you!
* * * LOW HITPOINT WARNING * * *
The black bear misses you. x2; The black bear bites you!
You die... ▓▓▓▓▓▓▓▓▓▓▓▓▓▓▓▓▓▓ +....lh@....)...<▓ ▓▓▓▓▓▓▓▓▓▓▓▓▓▓▓▓▓▓

You could see a black bear (berserk) and an iguana.

Vanquished Creatures
  A phantom (D)
  A scorpion (D)
  An adder (D)
  A jackal (D)
  A kobold (D)
  A quokka (D)
  A ball python (D)
  A frilled lizard (D)
8 creatures vanquished.

Notes
Turn   | Place    | Note
-------+----------+-------------------------------------------
     0 | D        | rocky1 the Demonspawn Gladiator began the quest for the
                  | Orb.
     0 | D        | Reached XP level 1. HP: 16/16 MP: 1/1
    12 | D        | Reached skill level 3 in Long Blades
    38 | D        | Noticed a black bear
    38 | D        | Noticed an iguana
    38 | D        | Noticed a phantom
    38 | D        | Noticed a scorpion
    42 | D        | Killed a scorpion
    43 | D        | Reached skill level 5 in Long Blades
    43 | D        | Reached skill level 1 in Armour
    43 | D        | Gained mutation: A weak demonic guardian rushes to your
                  | aid. [demonic ancestry]
    43 | D        | Reached XP level 2. HP: 24/24 MP: 2/2
    43 | D        | Reached XP level 3. HP: 29/29 MP: 3/3
    46 | D        | Gained mutation: You have sharp fingernails. [demonic
                  | ancestry]
    46 | D        | Reached XP level 4. HP: 30/35 MP: 4/4
    55 | D        | Killed a phantom
    56 | D        | Reached skill level 6 in Long Blades
    56 | D        | Reached skill level 5 in Dodging
    56 | D        | Reached XP level 5. HP: 18/42 MP: 5/5
    62 | D        | Slain by a black bear

Illustrated notes

Levels and vault maps discovered:
D:        linesprint [early_d, line_temple, items_1, d_10, items_2, lair_1,
          lair_end, items_3, orc_1, orc_end, items_4, d_15, swamp_1, shoals_1,
          snake_1, spider_1, d_20, vaults_1, items_5, swamp_end, shoals_end,
          snake_end, spider_end, vaults_end, d_27, items_6, zot_1, zot_end,
          crypt_end, forest_end, elf_end, slime_end, tomb_end, abyss_end,
          pan_hell_end]

Skill      XL: |  1  2  3  4 |
---------------+-------------+-----
Throwing       | 2 3 |  3.2
Long Blades    | 5 6 |  6.6
Dodging        | 4 5 |  5.6
Fighting       | 3 |  3.8
Armour         | 1 2 |  2.0
Stealth        | |  0.9

Action                     |  1- 3 |  4- 6 || total
---------------------------+-------+-------++-------
  Melee: Long sword        |    20 |    16 ||    36
  Throw: Throwing net      |     1 |     1 ||     2
   Stab: Held in net/web   |     1 |     2 ||     3
 Armour: Leather armour    |    14 |    10 ||    24
  Dodge: Dodged            |     9 |     4 ||    13

Table legend: (Time is in decaauts)
 A = Elapsed time spent in this place.
 B = Non-inter-level travel time spent in this place.
 C = Inter-level travel time spent in this place.
 D = Time resting spent in this place.
 E = Time spent auto-exploring this place.
 F = Levels seen in this place.
 G = Mean time per level.
                   A        B        C        D        E       F      G
               +--------+--------+--------+--------+--------+-----+--------+
         Total |     68 |     68 |      0 |     14 |      0 |   1 |   68.0 |
       Dungeon |     68 |     68 |      0 |     14 |      0 |   1 |   68.0 |
               +--------+--------+--------+--------+--------+-----+--------+

Top non-repeatable levels by time:
       D: 68 daAuts
